Map: [ESL] Hard Lead

Players

Mixu - Winner!

  • Race: Zerg Zerg
  • League: Grandmaster
  • Spawn Location: 5:00

Scarlett

  • Race: Zerg Zerg
  • Spawn Location: 11:00

Event: HomeStory Cup XXIV

VOD

Have the link to the VOD?

Description

Time

  • Played on: Dec. 2, 2023, 12:25 p.m.
  • Length: 11:47

All games in this series

Show
View Real Time Build Order
Export as new Build Order

Mixu Zerg - Winner!

Build Orders: Hatch First 

Get SALT Encoding   

  12  0:00  Drone  
  13  0:12  Overlord  
  13  0:16  Drone  
  14  0:30  Drone x2  
  16  0:47  Hatchery  
  15  0:50  Drone  
  15  0:54  Drone  
  17  0:57  Drone  
  18  1:08  Extractor  
  17  1:13  Spawning Pool  
  17  1:15  Drone  
  17  1:19  Drone  
  18  1:27  Drone  
  19  1:39  Drone  
  20  1:49  Drone  
  21  1:59  Queen x2  
  21  2:00  Zergling x2, Overlord  
  26  2:08  Metabolic Boost  
  26  2:11  Drone x2  
  28  2:21  Zergling x2, Drone  
  30  2:35  Hatchery  
  29  2:37  Drone  
  29  2:38  Drone  
  31  2:44  Baneling Nest  
  31  2:49  Overlord  
  30  3:00  Drone  
  30  3:03  Drone  
  32  3:07  Drone x2  
  32  3:08  Zergling x4, Drone  
  32  3:10  Zergling x2  
  38  3:16  Zergling x2, Overlord  
  39  3:22  Evolution Chamber  
  39  3:24  Overlord  
  38  3:27  Drone  
  38  3:32  Baneling x2  
  39  3:35  Drone x3  
  42  3:42  Drone x4  
  42  3:46  Zergling x2  
  42  3:48  Zergling x4  
  49  3:51  Zergling x2  
  49  3:54  Zerg Missile Weapons Level 1  
  50  4:01  Baneling  
  48  4:03  Zergling x10  
  53  4:10  Zergling x2, Extractor  
  53  4:11  Zergling x2  
  53  4:13  Zergling x4  
  52  4:17  Queen  
  54  4:25  Baneling x2  
  54  4:27  Drone x3  
  54  4:30  Extractor  
  56  4:32  Drone x3, Roach Warren  
  56  4:35  Drone  
  59  4:42  Drone x2  
  60  4:49  Drone  
  58  4:53  Lair  
  58  4:59  Drone x8  
  62  5:15  Baneling x2  
  62  5:19  Roach x2  
  62  5:21  Overlord x2  
  63  5:22  Extractor, Drone x2  
  63  5:25  Overlord  
  63  5:27  Drone x2  
  66  5:33  Overlord  
  66  5:40  Roach x7  
  66  5:41  Spine Crawler  
  66  5:42  Roach  
  80  5:48  Roach x2  
  84  5:54  Zerg Missile Weapons Level 2  
  84  5:56  Drone x5  
  88  5:58  Drone x2  
  88  6:03  Extractor, Glial Reconstitution  
  90  6:04  Overlord  
  90  6:05  Overlord  
  90  6:08  Drone x2  
  92  6:15  Roach x3  
  92  6:18  Overlord  
  98  6:19  Extractor, Drone  
  98  6:24  Drone  
  99  6:29  Overlord  
  99  6:30  Drone x2  
  101  6:38  Roach  
  103  6:42  Roach x5  
  113  6:50  Roach x6, Hydralisk Den  
  124  6:56  Roach x3  
  128  7:03  Roach  
  130  7:11  Overlord x2  
  130  7:12  Overlord x2  
  130  7:16  Overseer  
  130  7:20  Hatchery  
  130  7:21  Grooved Spines  
  129  7:29  Overlord  
  129  7:33  Hydralisk  
  129  7:34  Hydralisk x4  
  129  7:35  Roach x3  
  145  7:41  Hydralisk  
  147  7:45  Roach x5  
  147  7:48  Overlord  
  147  7:50  Roach  
  159  7:55  Roach x3  
  165  7:59  Hydralisk x2  
  165  8:05  Overlord x2  
  169  8:10  Zerg Ground Armor Level 1  
  169  8:15  Overlord  
  169  8:17  Overlord  
  169  8:18  Muscular Augments  
  161  8:34  Roach  
  161  8:35  Roach x11  
  161  8:39  Ravager  
  186  8:41  Spore Crawler  
  186  8:42  Roach  
  187  8:49  Roach x6  
  187  8:54  Burrow, Overlord x2  
  187  8:55  Tunneling Claws  
  199  9:12  Overlord  
  191  9:29  Overlord x2  
  187  9:34  Roach x2  
  187  9:38  Ravager  
  192  9:44  Roach x3  
  190  9:48  Roach x8  
  190  9:51  Roach  
  190  9:52  Roach x3  
  192  9:58  Roach  
  184  10:00  Roach x2  
  184  10:05  Roach x2  
  183  10:08  Roach x15  
  183  10:14  Roach x3  
  181  10:16  Roach x4  
  181  10:21  Roach x2  
  192  10:24  Queen  
  192  10:25  Hydralisk x2  
  197  10:33  Hydralisk x2, Roach x20  
  194  10:44  Overlord  
  194  10:45  Roach x4  
  194  10:49  Infestation Pit  
  198  10:52  Spine Crawler  
  198  10:56  Ravager x3  
  200  10:59  Overseer  
  200  11:09  Roach  
  196  11:15  Roach x4  
  196  11:20  Roach x2  
  196  11:25  Roach x3  
Show
View Real Time Build Order
Export as new Build Order

Scarlett Zerg 

Build Orders: Hatch First 

Get SALT Encoding   

  12  0:00  Drone  
  13  0:12  Overlord  
  13  0:17  Drone  
  14  0:30  Drone x2  
  16  0:46  Hatchery  
  15  0:50  Drone  
  15  0:53  Drone  
  17  0:57  Drone  
  18  1:07  Extractor  
  17  1:12  Spawning Pool  
  17  1:15  Drone  
  18  1:18  Drone  
  18  1:27  Drone  
  19  1:38  Drone  
  20  1:49  Drone  
  21  1:58  Queen  
  21  1:59  Zergling x2, Queen, Overlord  
  26  2:08  Metabolic Boost  
  26  2:09  Drone  
  26  2:12  Drone  
  28  2:19  Zergling x2  
  29  2:23  Drone  
  30  2:35  Drone x2  
  32  2:40  Hatchery  
  32  2:44  Queen  
  31  2:49  Overlord  
  33  2:56  Drone x3  
  36  3:10  Zergling x6  
  36  3:11  Drone x4  
  43  3:14  Evolution Chamber  
  41  3:20  Overlord  
  41  3:31  Drone x2  
  43  3:42  Zergling x2  
  43  3:43  Zergling x2, Drone  
  43  3:44  Drone x5  
  43  3:46  Zerg Ground Armor Level 1  
  51  3:51  Roach Warren  
  50  4:07  Queen, Overlord  
  48  4:19  Overlord  
  48  4:20  Drone x2  
  48  4:22  Extractor  
  48  4:23  Drone, Overlord  
  48  4:24  Overlord  
  48  4:32  Drone x10  
  48  4:34  Extractor  
  48  4:38  Lair  
  57  4:42  Roach  
  58  4:53  Overlord  
  58  4:54  Drone x4  
  58  4:56  Extractor  
  58  4:57  Drone  
  58  4:58  Drone x3  
  64  5:09  Roach x5  
  68  5:18  Roach  
  70  5:23  Overlord  
  70  5:26  Drone x6  
  76  5:34  Drone x7  
  76  5:35  Extractor x2, Queen  
  82  5:36  Glial Reconstitution  
  83  5:43  Roach  
  83  5:44  Roach x2  
  83  5:49  Roach  
  91  5:55  Drone x3, Overlord  
  90  6:09  Overlord x3  
  90  6:11  Overseer  
  90  6:18  Zerg Missile Weapons Level 1  
  90  6:20  Drone x4  
  90  6:21  Drone, Spire  
  94  6:30  Hatchery  
  94  6:31  Roach  
  95  6:34  Roach  
  95  6:35  Drone  
  95  6:38  Roach x2  
  102  6:44  Drone x5  
  103  6:58  Roach x6  
  116  7:07  Overlord x3, Hatchery  
  115  7:23  Overlord x2  
  115  7:32  Mutalisk x6  
  115  7:33  Roach x3  
  115  7:36  Roach x3  
  139  7:41  Roach x3  
  145  7:46  Roach x2  
  145  7:50  Roach  
  149  8:00  Roach  
  149  8:01  Roach x2  
  155  8:07  Roach x3  
  155  8:10  Overlord x5  
  161  8:14  Ravager  
  162  8:21  Roach x3  
  168  8:33  Roach x6  
  178  8:37  Ravager x3  
  178  8:40  Roach x3, Hatchery  
  182  8:43  Roach x3  
  186  8:51  Roach  
  188  8:56  Roach x2  
  192  9:03  Ravager x2  
  192  9:04  Roach x2  
  192  9:06  Ravager x2  
  200  9:14  Roach x3  
  200  9:17  Hatchery  
  195  9:25  Roach x2  
  195  9:26  Ravager x2  
  195  9:27  Ravager  
  200  9:32  Roach Warren  
  192  9:39  Evolution Chamber  
  192  9:40  Evolution Chamber  
  192  9:42  Overlord x2  
  187  9:47  Drone x4  
  179  9:54  Drone x2  
  179  9:55  Drone x4  
  181  10:03  Queen  
  182  10:12  Roach x10  
  197  10:15  Overseer  
  195  10:22  Pneumatized Carapace  
  195  10:24  Queen x2  
  195  10:31  Drone x6  
  199  10:36  Drone  
  199  10:39  Queen, Ravager  
  199  10:40  Overseer  
  193  10:49  Drone x2  
  195  10:51  Infestation Pit, Overseer x2  
  195  10:57  Drone x6, Spine Crawler  
  195  10:58  Spine Crawler  
  195  10:59  Overseer  
  194  11:15  Roach x8  
  193  11:20  Roach x3  
  193  11:24  Roach  
Tags
 
Add a new tag
Caveats
  • Supply blocks, unpowered buildings, or Contaminate may cause inaccurate times.
  • Supply counts are checked every 10 seconds.